Map: Oxide LE

Players

Taskmaster

  • Race: Zerg Zerg
  • League: Silver
  • Spawn Location: 7:00

Pumba - Winner!

  • Race: Zerg Zerg
  • League: Bronze
  • Spawn Location: 1:00

VOD

Have the link to the VOD?

Description

Time

  • Played on: July 27, 2021, 5:53 p.m.
  • Length: 9:52
Show
View Real Time Build Order
Export as new Build Order

Taskmaster Zerg 

Build Orders: Hatch First 

Get SALT Encoding   

  12  0:06  Drone  
  13  0:17  Overlord  
  13  0:20  Drone  
  14  0:36  Drone  
  14  0:37  Drone  
  16  0:53  Hatchery  
  16  0:55  Drone  
  16  1:10  Spawning Pool  
  15  1:12  Drone  
  15  1:15  Drone  
  17  1:22  Extractor  
  17  1:23  Drone  
  17  1:29  Drone  
  18  1:35  Drone  
  19  1:46  Drone  
  20  1:58  Extractor  
  20  1:59  Overlord  
  20  2:01  Queen  
  21  2:20  Hatchery  
  20  2:27  Zergling x4  
  22  2:31  Metabolic Boost  
  22  2:35  Queen  
  24  2:53  Overlord x2  
  24  3:07  Drone x3  
  24  3:09  Drone  
  24  3:12  Overlord  
  30  3:30  Drone x2  
  30  3:39  Roach Warren  
  30  3:41  Drone  
  30  3:43  Drone  
  31  4:02  Drone  
  32  4:03  Drone  
  33  4:10  Lair  
  33  4:15  Queen  
  33  4:16  Drone  
  33  4:17  Drone x2  
  38  4:37  Drone, Overlord  
  38  4:38  Overlord  
  39  4:41  Queen  
  41  5:08  Drone x10  
  51  5:17  Pneumatized Carapace  
  51  5:22  Evolution Chamber  
  50  5:35  Extractor  
  49  5:36  Glial Reconstitution  
  49  5:46  Roach  
  49  5:47  Roach x9  
  69  5:54  Roach x2  
  73  5:57  Overlord x2  
  73  6:08  Overlord x2  
  73  6:10  Hatchery  
  72  6:38  Zerg Missile Weapons Level 1  
  72  6:43  Roach  
  72  6:44  Roach x13  
  100  6:54  Drone x2  
  100  6:55  Tunneling Claws, Drone x4  
  100  6:59  Extractor  
  103  7:12  Roach  
  103  7:13  Roach x2  
  103  7:14  Roach  
  103  7:16  Roach  
  71  7:34  Roach  
  71  7:35  Roach x10  
  76  8:02  Spine Crawler  
  76  8:03  Zergling x6  
  76  8:04  Roach x6  
  76  8:05  Spine Crawler  
Show
View Real Time Build Order
Export as new Build Order

Pumba Zerg - Winner!

Build Orders: Pool First 

Get SALT Encoding   

  12  0:01  Drone  
  13  0:13  Overlord  
  13  0:17  Drone  
  14  0:31  Drone x2  
  16  0:38  Drone  
  17  0:46  Spawning Pool  
  17  0:49  Drone  
  17  1:10  Hatchery  
  16  1:15  Drone  
  16  1:18  Extractor  
  16  1:19  Drone  
  16  1:24  Drone  
  18  1:31  Drone  
  19  1:35  Queen  
  21  1:42  Overlord  
  21  1:53  Drone  
  22  2:08  Drone  
  23  2:11  Queen  
  25  2:17  Drone  
  26  2:23  Drone x2  
  28  2:33  Metabolic Boost  
  28  2:35  Drone  
  28  2:36  Drone  
  30  2:55  Drone x5  
  35  3:05  Overlord  
  35  3:10  Roach Warren, Overlord  
  34  3:30  Drone x4  
  34  3:31  Drone x3  
  34  3:32  Overlord  
  41  3:49  Hatchery  
  41  3:52  Extractor  
  41  3:54  Lair, Extractor  
  38  3:56  Extractor  
  37  4:06  Drone x2  
  37  4:07  Drone  
  40  4:10  Drone x3  
  40  4:14  Drone x3  
  46  4:24  Overlord x2  
  46  4:25  Overlord  
  46  4:37  Roach x7  
  60  4:42  Overlord  
  60  4:47  Overlord  
  60  5:12  Roach x9  
  60  5:13  Glial Reconstitution  
  78  5:44  Roach x9  
  78  5:45  Overlord  
  96  6:15  Roach x9  
  96  6:17  Overlord  
  96  6:18  Overlord x3  
  114  6:46  Roach x11  
  136  6:48  Overlord x2  
  136  6:49  Overlord  
  110  7:31  Roach x3  
  110  7:32  Roach x8  
Tags
 
Add a new tag
Caveats
  • Supply blocks, unpowered buildings, or Contaminate may cause inaccurate times.
  • Supply counts are checked every 10 seconds.